 Dungeon Crawl Stone Soup version 0.27-a0-1182-gee19b5822f (webtiles) character file.

Game seed: 4751136134726750271

23 Froggeryz the Chopper (level 2, -1/20 (24) HPs)
             Began as a Demonspawn Chaos Knight on May 18, 2021.
             Was a Plaything of Xom.
             Slain by a scorpion (8 damage)
             ... on level 2 of the Dungeon.
             The game lasted 00:01:30 (1144 turns).

Froggeryz the Chopper (Demonspawn Chaos Knight)     Turns: 1144, Time: 00:01:31

HP:   -1/20 (24)    AC:  7    Str: 12    XL:     2   Next: 72%
MP:   2/2           EV:  9    Int: 13    God:    Xom [......]
Gold: 38            SH:  0    Dex: 12    Spells: 1/1 levels left

rFire    . . .     SeeInvis .   a - +1 hand axe (chaos)
rCold    . . .     Faith    .   (no shield)
rNeg     . . .     Spirit   .   e - +0 scale mail
rPois    .         Reflect  .   d - +0 helmet
rElec    .         Harm     .   (no cloak)
rCorr    .         Rampage  .   (no gloves)
Will     .....                  (no boots)
Stlth    ..........             (no amulet)
HPRegen  0.06/turn              (no ring)
MPRegen  0.08/turn              (no ring)

@: lethally poisoned (-1 -> -13), heavily drained
A: ignite blood 1
a: Renounce Religion


You were on level 2 of the Dungeon.
You worshipped Xom.
You were a very special plaything of Xom.
You visited 1 branch of the dungeon, and saw 2 of its levels.

You collected 38 gold pieces.

Inventory:

Hand Weapons
 a - a +1 hand axe of chaos (weapon)
Missiles
 f - 17 poisoned darts (quivered)
Armour
 d - a +0 helmet (worn)
 e - a +0 scale mail (worn)
Scrolls
 b - a scroll of identify {unknown}
 g - a scroll of fog {unknown}
Potions
 c - a potion of attraction {unknown}


   Skills:
 - Level 3.0 Fighting
 * Level 3.4 Axes
 - Level 2.1 Armour
 - Level 0.8 Dodging


You had one spell level left.
You didn't know any spells.
Your spell library contained the following spells:

 Spells                   Type           Power      Damage    Failure   Level
 Magic Dart               Conj           0%         1d3       85%         1
 Searing Ray              Conj           0%         3d3       94%         2
 Dazzling Flash           Conj/Hex       0%         N/A       99%         3
 Fulminant Prism          Conj/Hex       0%         3d6       100%        4
 Iskenderun's Mystic Bla  Conj/Tloc      0%         2d3       100%        4


Dungeon Overview and Level Annotations

Branches:
Dungeon (2/15)

Altars:


Innate Abilities, Weirdness & Mutations

Your demonic aura sometimes causes spilled blood to erupt in flames.


Message History

You slash the frilled lizard!
You kill the frilled lizard!
No target in view!
Found a stone staircase leading up.
g - a scroll labelled OTYUTI ADIA A hobgoblin comes into view.
Xom's malign attention turns to you for a moment.
You feel drained.
A hobgoblin is nearby!
You hit the hobgoblin. You burn the hobgoblin.
You kill the hobgoblin!
No target in view!
No target in view!
You now have 38 gold pieces (gained 2).
A scorpion comes into view.
A scorpion is nearby!
Throw: 19 darts (poison)
Press: ? - help, Q - select action Shift-Dir - straight line, f - scorpion
Aim: a scorpion (57% to hit)
You throw a poisoned dart.
The poisoned dart completely misses the scorpion.
Throw: 18 darts (poison)
Press: ? - help, Q - select action Shift-Dir - straight line, f/p - scorpion
Aim: a scorpion (57% to hit)
You throw a poisoned dart. The poisoned dart hits the scorpion.
The scorpion is poisoned.
The scorpion stings you!
You completely miss the scorpion.
The scorpion is lightly wounded.
The scorpion stings you but does no damage.
You closely miss the scorpion.
The scorpion is lightly wounded.
The scorpion closely misses you.
You hit the scorpion but do no damage.
The scorpion looks even sicker.
The scorpion is lightly wounded.
The scorpion stings you.
You are lethally poisoned!
The scorpion poisons you! The scorpion stings you!
You die...
Xom laughs nastily!

..##########.##
#..........#..#
##............ .
#.#.........# .#
#..........#..
.##.............
............# #........#
###... .....##.@..#....
..... ....(##..s.# ###
....# #....##...(#...#
....# #...##....†...#
....######...##....#...#
........##...##.#....(.....
........##...##.#.#####....
.............##.#.#<....#.
#.......#....##.........#


You could see a scorpion (very poisoned).

Vanquished Creatures
  An adder (D:2)
  3 endoplasms
  3 giant cockroaches
  2 hobgoblins
  A ball python (D:2)
  A frilled lizard (D:2)
  2 rats (D:1)
13 creatures vanquished.

Notes
Turn   | Place    | Note
-------+----------+-------------------------------------------
     0 | D:1      | Froggeryz the Demonspawn Chaos Knight began the quest for
                  | the Orb.
     0 | D:1      | Reached XP level 1. HP: 18/18 MP: 1/1
   171 | D:1      | Found a faded altar of an unknown god.
   309 | D:1      | XOM is BORED!
   320 | D:1      | XOM: divination: detect items
   384 | D:1      | XOM: cloud trail
   587 | D:1      | XOM: silly message
   666 | D:2      | XOM: potion effect (curing)
   670 | D:2      | XOM: silly message
   823 | D:2      | Gained mutation: Your demonic aura sometimes causes spilled
                  | blood to erupt in flames. [demonic ancestry]
   823 | D:2      | Reached XP level 2. HP: 24/24 MP: 2/2
  1038 | D:2      | XOM: silly message
  1129 | D:2      | XOM: draining
  1138 | D:2      | Noticed a scorpion
  1144 | D:2      | Slain by a scorpion

Illustrated notes

Levels and vault maps discovered:
D:1:      zelgadis_glass_arrival_small, layout_basic,
          chequers_ecumenical_altar_simple
D:2:      layout_basic, minmay_tripent

Skill      XL: |  1 |
---------------+----+-----
Axes           | 3 |  3.4
Armour         | 2 |  2.1
Fighting       | |  3.0
Dodging        | |  0.8

Action                   || total
-------------------------++-------
Melee: Hand axe          ||    36
Throw: Dart              ||     2
  Use: Scroll            ||     1
Armor: Scale mail        ||    17
       Leather armour    ||     2
Dodge: Dodged            ||    21

Table legend: (Time is in decaauts)
 A = Elapsed time spent in this place.
 B = Non-inter-level travel time spent in this place.
 C = Inter-level travel time spent in this place.
 D = Time resting spent in this place.
 E = Time spent auto-exploring this place.
 F = Levels seen in this place.
 G = Mean time per level.
                   A        B        C        D        E       F      G
               +--------+--------+--------+--------+--------+-----+--------+
         Total |   1150 |   1109 |     41 |    241 |    695 |   2 |  575.0 |
       Dungeon |   1150 |   1109 |     41 |    241 |    695 |   2 |  575.0 |
               +--------+--------+--------+--------+--------+-----+--------+

Top non-repeatable levels by time:
     D:1: 779 daAuts
     D:2: 371 daAuts
